[Event "FICS rated blitz game"]
[Site "FICS freechess.org"]
[FICSGamesDBGameNo "20001171"]
[White "valmont"]
[Black "shianka"]
[WhiteElo "1523"]
[BlackElo "1630"]
[WhiteRD "na"]
[BlackRD "na"]
[TimeControl "300+12"]
[Date "1999.07.30"]
[Time "14:47:00"]
[WhiteClock "0:05:00.000"]
[BlackClock "0:05:00.000"]
[ECO "C78"]
[PlyCount "68"]
[Result "0-1"]

1. e4 e5 2. Nf3 Nc6 3. Bb5 a6 4. Ba4 Nf6 5. O-O b5 6. Bb3 Bb7 7. Re1 Bc5 8. c3 d6 9. d4 Bb6 10. Bc2 O-O 11. h3 exd4 12. cxd4 Nb4 13. Nc3 Nxc2 14. Qxc2 Re8 15. Bg5 h6 16. Bh4 g5 17. Bg3 b4 18. e5 bxc3 19. exf6 Bxf3 20. gxf3 Rxe1+ 21. Rxe1 cxb2 22. Qxb2 Qxf6 23. Qe2 Bxd4 24. Qe4 Rd8 25. h4 c5 26. Kh2 d5 27. Qg4 Kh7 28. hxg5 Qxg5 29. Qh3 c4 30. Bh4 Qf4+ 31. Bg3 Qxf3 32. Qh4 Bf6 33. Qh3 d4 34. Be5 Qxf2+ {White resigns} 0-1

[Event "FICS rated blitz game"]
[Site "FICS freechess.org"]
[FICSGamesDBGameNo "20001170"]
[White "edlaan"]
[Black "hasank"]
[WhiteElo "1801"]
[BlackElo "1881"]
[WhiteRD "na"]
[BlackRD "na"]
[TimeControl "180+0"]
[Date "1999.07.30"]
[Time "11:07:00"]
[WhiteClock "0:03:00.000"]
[BlackClock "0:03:00.000"]
[ECO "B30"]
[PlyCount "76"]
[Result "0-1"]

1. e4 c5 2. Nf3 Nc6 3. d3 g6 4. Be3 d6 5. c3 Bg7 6. Be2 Nf6 7. O-O Ng4 8. Bf4 e5 9. Bd2 Nf6 10. Qc2 O-O 11. h3 h6 12. Be3 Kh7 13. d4 cxd4 14. cxd4 a6 15. Nc3 Bd7 16. Rad1 Rc8 17. Rd2 Qe7 18. Qd1 exd4 19. Nxd4 Ne5 20. f3 Rfd8 21. Nb3 Be6 22. Bb6 Rd7 23. Bf2 Nc4 24. Bxc4 Bxc4 25. Re1 Nh5 26. Nc5 Rdd8 27. Nb3 Qg5 28. Be3 Qh4 29. Bf2 Qg5 30. Rxd6 Be5 31. Rxd8 Rxd8 32. Qc1 Nf4 33. g3 Nxh3+ 34. Kh2 Nxf2 35. Qxg5 hxg5 36. Kg2 Nd3 37. Rd1 Bxc3 38. bxc3 Nf4+ {White resigns} 0-1

[Event "FICS rated standard game"]
[Site "FICS freechess.org"]
[FICSGamesDBGameNo "20001169"]
[White "Aker"]
[Black "Nyholm"]
[WhiteElo "1806"]
[BlackElo "2018"]
[WhiteRD "na"]
[BlackRD "na"]
[TimeControl "900+0"]
[Date "1999.07.05"]
[Time "19:41:00"]
[WhiteClock "0:15:00.000"]
[BlackClock "0:15:00.000"]
[ECO "A57"]
[PlyCount "92"]
[Result "0-1"]

1. d4 Nf6 2. c4 c5 3. d5 b5 4. cxb5 a6 5. e3 g6 6. Nc3 Bg7 7. a4 O-O 8. Nf3 d6 9. Bc4 axb5 10. Bxb5 Bg4 11. O-O Nbd7 12. e4 Ne5 13. Be2 Qc8 14. Nxe5 Bxe2 15. Qxe2 dxe5 16. Nb5 Qg4 17. f3 Qh4 18. Be3 Nh5 19. Rfc1 Rac8 20. Rc4 Nf4 21. Bxf4 exf4 22. Rac1 Ra8 23. b3 f5 24. Rxc5 fxe4 25. Qxe4 g5 26. Rc7 g4 27. Qe6+ Kh8 28. Qxg4 Qxg4 29. fxg4 Rad8 30. Rd1 f3 31. gxf3 Rxf3 32. Rxe7 Rxb3 33. d6 Bf8 34. Re6 Rb2 35. d7 Bc5+ 36. Kh1 Bb6 37. Re7 Rf8 38. Re8 Kg7 39. Rxf8 Kxf8 40. d8=Q+ Bxd8 41. Rxd8+ Ke7 42. Rd4 Ke6 43. h4 Ke5 44. g5 Ra2 45. Rd7 Kf4 46. Rxh7 Kg3 {White resigns} 0-1

[Event "FICS rated blitz game"]
[Site "FICS freechess.org"]
[FICSGamesDBGameNo "20001168"]
[White "palash"]
[Black "fester"]
[WhiteElo "1854"]
[BlackElo "1843"]
[WhiteRD "na"]
[BlackRD "na"]
[TimeControl "180+0"]
[Date "1999.07.05"]
[Time "15:35:00"]
[WhiteClock "0:03:00.000"]
[BlackClock "0:03:00.000"]
[ECO "B30"]
[PlyCount "46"]
[Result "0-1"]

1. e4 c5 2. Nf3 Nc6 3. Bc4 d6 4. O-O g6 5. c3 Bg7 6. d4 cxd4 7. cxd4 Nf6 8. e5 dxe5 9. dxe5 Qxd1 10. Rxd1 Ne4 11. Bf4 O-O 12. Nc3 Nxc3 13. bxc3 Bg4 14. Rd7 Bxd7 15. Rb1 Na5 16. Be2 Bf5 17. Rb5 Nc6 18. h3 b6 19. g4 Be4 20. Nd2 Bc2 21. Bf3 Rac8 22. Rb2 Ba4 23. Rb4 Nxb4 {White resigns} 0-1

[Event "FICS rated blitz game"]
[Site "FICS freechess.org"]
[FICSGamesDBGameNo "20001167"]
[White "Gurra"]
[Black "optimista"]
[WhiteElo "1640"]
[BlackElo "1540"]
[WhiteRD "na"]
[BlackRD "na"]
[TimeControl "300+0"]
[Date "1999.07.05"]
[Time "15:12:00"]
[WhiteClock "0:05:00.000"]
[BlackClock "0:05:00.000"]
[ECO "C78"]
[PlyCount "58"]
[Result "1-0"]

1. e4 e5 2. Nf3 Nc6 3. Bb5 a6 4. Ba4 b5 5. Bb3 Nf6 6. O-O Bc5 7. c3 O-O 8. Re1 d6 9. d4 exd4 10. cxd4 Bb6 11. Bg5 h6 12. Bh4 Bg4 13. Bd5 Bc8 14. Bxc6 Rb8 15. Nc3 Bg4 16. h3 Bxf3 17. gxf3 Qe7 18. f4 Qe6 19. Kh2 Qc4 20. Bxf6 gxf6 21. Bd5 Qxd4 22. Qxd4 Bxd4 23. Kg2 Rbc8 24. Rad1 Bb6 25. Bc6 Kg7 26. Nd5 Kh7 27. Kf3 h5 28. Ne7 Rcd8 29. Rg1 Bc5 {Black forfeits on time} 1-0

[Event "FICS rated blitz game"]
[Site "FICS freechess.org"]
[FICSGamesDBGameNo "20001166"]
[White "Emil"]
[Black "Noreaga"]
[WhiteElo "1652"]
[BlackElo "1754"]
[WhiteRD "na"]
[BlackRD "na"]
[TimeControl "180+0"]
[Date "1999.07.05"]
[Time "13:33:00"]
[WhiteClock "0:03:00.000"]
[BlackClock "0:03:00.000"]
[ECO "B21"]
[PlyCount "49"]
[Result "1-0"]

1. e4 c5 2. f4 d5 3. exd5 Qxd5 4. Nf3 Nc6 5. b3 Bg4 6. Be2 Nf6 7. O-O e6 8. Bb2 Be7 9. Nc3 Qd7 10. Ne5 Nxe5 11. fxe5 Bxe2 12. Qxe2 Nd5 13. Ne4 O-O 14. c4 Nb4 15. Rfd1 Nc2 16. Rac1 Nd4 17. Qg4 Rfd8 18. Rc3 Qc7 19. Nf6+ Bxf6 20. exf6 g6 21. Qh4 Ne2+ 22. Kh1 Nxc3 23. Qh6 Qxh2+ 24. Kxh2 Nxd1 25. Qg7# {Black checkmated} 1-0

[Event "FICS rated blitz game"]
[Site "FICS freechess.org"]
[FICSGamesDBGameNo "20001165"]
[White "Thermopylae"]
[Black "leif"]
[WhiteElo "1364"]
[BlackElo "1445"]
[WhiteRD "na"]
[BlackRD "na"]
[TimeControl "300+2"]
[Date "1999.07.05"]
[Time "13:21:00"]
[WhiteClock "0:05:00.000"]
[BlackClock "0:05:00.000"]
[ECO "D05"]
[PlyCount "113"]
[Result "1-0"]

1. d4 Nf6 2. Nf3 d5 3. e3 e6 4. Bd3 Bd6 5. O-O O-O 6. Re1 Re8 7. Nbd2 Nc6 8. c3 e5 9. dxe5 Nxe5 10. Nxe5 Bxe5 11. Nf3 Bd6 12. Qc2 Bg4 13. Nd4 c6 14. f3 Bd7 15. e4 Qc7 16. Bg5 Bxh2+ 17. Kh1 Nh5 18. Bh4 Bg3 19. Bxg3 Qxg3 20. Ne2 Qh4+ 21. Kg1 Re6 22. exd5 cxd5 23. Bxh7+ Kh8 24. Bf5 Rxe2 25. Rxe2 Ng3 26. Bxd7 Nxe2+ 27. Qxe2 Rd8 28. Bf5 Qf6 29. Bd3 g6 30. Re1 Kg7 31. Qe5 Qxe5 32. Rxe5 f6 33. Re7+ Kf8 34. Rxb7 Re8 35. Kf2 a6 36. Bxg6 Re6 37. Rf7+ Kg8 38. Ra7 Kf8 39. Bf5 Re7 40. Rxe7 Kxe7 41. g3 Kd6 42. Ke3 Ke5 43. Bd3 a5 44. f4+ Ke6 45. g4 Kd6 46. g5 Ke7 47. gxf6+ Kxf6 48. Kd4 Ke6 49. f5+ Kd6 50. f6 Ke6 51. b3 Kxf6 52. Kxd5 Ke7 53. Kc5 Kd7 54. a3 Kc7 55. Kb5 Kb7 56. Kxa5 Kc6 57. b4 {Black resigns} 1-0

[Event "FICS rated blitz game"]
[Site "FICS freechess.org"]
[FICSGamesDBGameNo "20001163"]
[White "WolverineX"]
[Black "Rebrof"]
[WhiteElo "1709"]
[BlackElo "1548"]
[WhiteRD "na"]
[BlackRD "na"]
[TimeControl "180+0"]
[Date "1999.07.05"]
[Time "09:59:00"]
[WhiteClock "0:03:00.000"]
[BlackClock "0:03:00.000"]
[ECO "E70"]
[PlyCount "69"]
[Result "1-0"]

1. c4 Nf6 2. d4 g6 3. Nc3 Bg7 4. e4 e6 5. Nf3 O-O 6. Bg5 h6 7. Bh4 g5 8. Bg3 d6 9. Bd3 c5 10. d5 exd5 11. exd5 Bg4 12. O-O Re8 13. h3 Bxf3 14. Qxf3 Na6 15. Nb5 Bf8 16. h4 Nb4 17. Bb1 a6 18. hxg5 hxg5 19. Nc3 a5 20. Qf5 Bh6 21. Nb5 Ra6 22. Nxd6 Rxd6 23. Bxd6 Qxd6 24. a3 Na6 25. Bc2 Nc7 26. Ba4 Re5 27. Qc8+ Kg7 28. Rae1 g4 29. Rxe5 Qxe5 30. Bd7 Bf4 31. Bxg4 Bh2+ 32. Kh1 Bf4 33. g3 Nxg4 34. Qxg4+ Bg5 35. f4 {Black forfeits on time} 1-0

[Event "FICS rated blitz game"]
[Site "FICS freechess.org"]
[FICSGamesDBGameNo "20001162"]
[White "hortus"]
[Black "bigi"]
[WhiteElo "1497"]
[BlackElo "1159"]
[WhiteRD "na"]
[BlackRD "na"]
[TimeControl "180+1"]
[Date "1999.07.05"]
[Time "06:38:00"]
[WhiteClock "0:03:00.000"]
[BlackClock "0:03:00.000"]
[ECO "C21"]
[PlyCount "45"]
[Result "1-0"]

1. d4 d6 2. e4 e5 3. dxe5 dxe5 4. Qxd8+ Kxd8 5. Bc4 Nf6 6. Nc3 Nc6 7. Bg5 Bb4 8. O-O-O+ Nd4 9. Bxf6+ gxf6 10. Nd5 Bg4 11. f3 Nxf3 12. gxf3 Bxf3 13. Nxf3 c6 14. Nxb4+ Kc7 15. Bxf7 Rhf8 16. Bb3 Rfd8 17. Nh4 Rd4 18. Rxd4 exd4 19. Nf5 Re8 20. Re1 Kb6 21. Nxd4 c5 22. Nd5+ Ka5 23. Nf5 {Black resigns} 1-0

[Event "FICS rated blitz game"]
[Site "FICS freechess.org"]
[FICSGamesDBGameNo "20001161"]
[White "swap"]
[Black "Nemva"]
[WhiteElo "1521"]
[BlackElo "1062"]
[WhiteRD "na"]
[BlackRD "na"]
[TimeControl "180+12"]
[Date "1999.07.05"]
[Time "05:35:00"]
[WhiteClock "0:03:00.000"]
[BlackClock "0:03:00.000"]
[ECO "C50"]
[PlyCount "67"]
[Result "1-0"]

1. e4 e5 2. Nf3 Nc6 3. Bc4 Nd4 4. Nxd4 exd4 5. c3 Bc5 6. Bxf7+ Kxf7 7. Qh5+ g6 8. Qxc5 d6 9. Qxd4 Qf6 10. Qxf6+ Nxf6 11. d3 Be6 12. Bg5 Nh5 13. Bh6 Rhf8 14. Bxf8 Kxf8 15. O-O Nf4 16. d4 Kg7 17. g3 Ne2+ 18. Kg2 d5 19. e5 Bf5 20. Rd1 Rf8 21. f4 Be4+ 22. Kf2 Nxf4 23. gxf4 Rxf4+ 24. Ke3 Rf3+ 25. Ke2 h5 26. Nd2 Rh3 27. Nxe4 dxe4 28. Rh1 g5 29. Raf1 g4 30. e6 h4 31. e7 g3 32. hxg3 hxg3 33. Rxh3 g2 34. Rg3+ {Black resigns} 1-0

[Event "FICS rated lightning game"]
[Site "FICS freechess.org"]
[FICSGamesDBGameNo "20001160"]
[White "Twiddle"]
[Black "Zeratul"]
[WhiteElo "1682"]
[BlackElo "1589"]
[WhiteRD "na"]
[BlackRD "na"]
[TimeControl "60+0"]
[Date "1999.07.05"]
[Time "05:07:00"]
[WhiteClock "0:01:00.000"]
[BlackClock "0:01:00.000"]
[ECO "D24"]
[PlyCount "67"]
[Result "1-0"]

1. d4 e6 2. c4 d5 3. Nf3 dxc4 4. Nc3 Nf6 5. Bg5 Be7 6. e3 O-O 7. Bxc4 Nc6 8. a3 Nd7 9. Bxe7 Qxe7 10. O-O a6 11. Rc1 Na5 12. Ba2 Nc6 13. Qd3 Nb6 14. Bb1 g6 15. e4 f5 16. e5 Nd8 17. h4 Nc6 18. Ng5 Rd8 19. Qe3 h6 20. Nf3 Qg7 21. Qf4 Nd5 22. Nxd5 Rxd5 23. Ba2 Rd8 24. Rfd1 Bd7 25. g3 h5 26. Ng5 Qh8 27. Nxe6 Bxe6 28. Bxe6+ Kg7 29. Qg5 Nxe5 30. dxe5 Rxd1+ 31. Rxd1 Qc8 32. Bxc8 Rxc8 33. Rd7+ Kh8 34. Qh6+ {Black forfeits on time} 1-0

[Event "FICS rated blitz game"]
[Site "FICS freechess.org"]
[FICSGamesDBGameNo "20001159"]
[White "Duu"]
[Black "DerVanker"]
[WhiteElo "1274"]
[BlackElo "1076"]
[WhiteRD "na"]
[BlackRD "na"]
[TimeControl "120+12"]
[Date "1999.07.05"]
[Time "03:01:00"]
[WhiteClock "0:02:00.000"]
[BlackClock "0:02:00.000"]
[ECO "B53"]
[PlyCount "68"]
[Result "0-1"]

1. e4 c5 2. Nf3 Nc6 3. Bb5 d6 4. d4 cxd4 5. Qxd4 Bd7 6. Qc4 Nf6 7. Bf4 a6 8. Ba4 b5 9. Bxb5 axb5 10. Qe2 e5 11. Bg3 Qb8 12. O-O Be7 13. Nc3 b4 14. Nd5 Nxd5 15. exd5 Na7 16. Qd2 Qb7 17. Rfd1 O-O 18. c4 bxc3 19. bxc3 Nb5 20. Rab1 Qc7 21. Rdc1 Rfb8 22. c4 Na3 23. Rxb8+ Rxb8 24. Qc3 Qc5 25. Nd2 Bf5 26. Nb3 Qb4 27. Qf3 Bg6 28. Qg4 Nxc4 29. Qxc4 Qxc4 30. Rxc4 Bd3 31. Rc7 Kf8 32. h3 Ra8 33. Nc1 Bb1 34. Rb7 Be4 {White forfeits on time} 0-1

[Event "FICS rated lightning game"]
[Site "FICS freechess.org"]
[FICSGamesDBGameNo "20001158"]
[White "fresh"]
[Black "Culture"]
[WhiteElo "1746"]
[BlackElo "1643"]
[WhiteRD "na"]
[BlackRD "na"]
[TimeControl "120+0"]
[Date "1999.07.04"]
[Time "18:06:00"]
[WhiteClock "0:02:00.000"]
[BlackClock "0:02:00.000"]
[ECO "A48"]
[PlyCount "105"]
[Result "1/2-1/2"]

1. d4 Nf6 2. Nf3 g6 3. Bg5 Ne4 4. e3 Bg7 5. Bd3 Nxg5 6. Nxg5 e5 7. h4 O-O 8. dxe5 Bxe5 9. c3 d5 10. Nd2 c5 11. O-O Nc6 12. Ndf3 Bg7 13. e4 Bg4 14. exd5 Qxd5 15. Be2 Rad8 16. Nh2 Qxd1 17. Bxd1 Bf5 18. g4 Bd3 19. Re1 c4 20. Be2 h6 21. Ne4 Ne5 22. Ng3 Bxe2 23. Rxe2 Nd3 24. Nf3 Rfe8 25. Rxe8+ Rxe8 26. Nd4 Nxb2 27. Rb1 Bxd4 28. cxd4 c3 29. Rc1 Na4 30. Rc2 b5 31. a3 a5 32. Kf1 b4 33. axb4 axb4 34. Ne2 b3 35. Rc1 b2 36. Rb1 c2 37. Rxb2 Nxb2 38. Nc1 Nc4 39. f4 Re4 40. Kf2 Rxd4 41. Ke2 Rd1 42. Nb3 c1=Q 43. Nxc1 Rxc1 44. Kd3 Rg1 45. Ke4 Rxg4 46. Kf3 Rxh4 47. Kg3 Rxf4 48. Kxf4 f5 49. Kf3 Kf7 50. Kg2 Kf6 51. Kf3 Ke5 52. Kg3 f4+ 53. Kf3 {Black ran out of time and White has no material to mate} 1/2-1/2

[Event "FICS rated lightning game"]
[Site "FICS freechess.org"]
[FICSGamesDBGameNo "20001157"]
[White "pep"]
[Black "Rambocombo"]
[WhiteElo "1956"]
[BlackElo "2075"]
[WhiteRD "na"]
[BlackRD "na"]
[TimeControl "60+0"]
[Date "1999.07.04"]
[Time "13:28:00"]
[WhiteClock "0:01:00.000"]
[BlackClock "0:01:00.000"]
[ECO "C01"]
[PlyCount "114"]
[Result "0-1"]

1. e4 e6 2. Nc3 d5 3. exd5 exd5 4. d4 Nf6 5. Bd3 Be7 6. Nf3 O-O 7. Bg5 Nbd7 8. Qd2 b6 9. O-O Bb7 10. Ne2 c5 11. c3 c4 12. Bc2 Ne4 13. Rae1 Nxd2 14. Bxd2 Bf6 15. Ng3 g6 16. h3 Re8 17. Nh2 Rxe1 18. Rxe1 Qc7 19. Ng4 Bg7 20. f4 Nf6 21. Kh2 Nxg4+ 22. hxg4 b5 23. f5 a5 24. Kh3 b4 25. Rf1 bxc3 26. bxc3 gxf5 27. Nxf5 Bc8 28. Nxg7 Kxg7 29. Bg5 h5 30. Bf6+ Kg8 31. Be5 Bxg4+ 32. Kg3 Qe7 33. Rf6 Re8 34. Rh6 Qxe5+ 35. dxe5 Rxe5 36. Ra6 Re3+ 37. Kh4 Rxc3 38. Rxa5 Rxc2 39. Ra8+ Kg7 40. Kg5 Rxg2 41. Kf4 Be2 42. Ke5 Bf3 43. Kd4 Rg4+ 44. Kc3 h4 45. Ra6 h3 46. Rg6+ Kxg6 47. Kd2 h2 48. Ke3 h1=Q 49. Kf2 Be4 50. Ke3 Qh3+ 51. Kd4 Rg2 52. Kc5 Qe3+ 53. Kc6 Rxa2 54. Kd6 d4 55. Kc5 d3+ 56. Kxc4 d2 57. Kb4 Rb2+ {White forfeits on time} 0-1

[Event "FICS rated blitz game"]
[Site "FICS freechess.org"]
[FICSGamesDBGameNo "20001156"]
[White "TiggyTamal"]
[Black "Oncegood"]
[WhiteElo "1744"]
[BlackElo "1914"]
[WhiteRD "na"]
[BlackRD "na"]
[TimeControl "300+0"]
[Date "1999.07.04"]
[Time "09:06:00"]
[WhiteClock "0:05:00.000"]
[BlackClock "0:05:00.000"]
[ECO "B80"]
[PlyCount "157"]
[Result "1/2-1/2"]

1. e4 c5 2. Nf3 e6 3. d4 cxd4 4. Nxd4 Nf6 5. Nc3 d6 6. Bb5+ Bd7 7. Bd3 Be7 8. f3 O-O 9. Be3 Nc6 10. Qd2 Rc8 11. O-O Nxd4 12. Bxd4 e5 13. Bf2 a6 14. Rad1 b5 15. a3 Qa5 16. Nd5 Qd8 17. Bb6 Qe8 18. Nxe7+ Qxe7 19. Be2 Rc6 20. Be3 Rfc8 21. c3 Ne8 22. Bg5 f6 23. Be3 Be6 24. Kh1 Bb3 25. Rc1 Be6 26. Ra1 Nc7 27. a4 d5 28. axb5 axb5 29. exd5 Nxd5 30. Bxb5 Nxe3 31. Qxe3 Rc5 32. Bd3 Qb7 33. Ba6 Qxb2 34. Bxc8 Rxc8 35. Rfc1 Ba2 36. Qd3 h6 37. Qc2 Qxc2 38. Rxc2 Bc4 39. Rcc1 Kf7 40. Ra7+ Kg6 41. Kg1 f5 42. Kf2 e4 43. fxe4 fxe4 44. Ke3 Bd3 45. c4 Bxc4 46. Kxe4 Bd5+ 47. Kxd5 Rxc1 48. Ke4 Rh1 49. h3 Rf1 50. Ra5 Rf6 51. Rc5 Rf2 52. g3 Rh2 53. h4 Rf2 54. Ke3 Rf5 55. Rc6+ Kh5 56. Rc4 Rf1 57. Ke2 Rf6 58. Ke3 g5 59. hxg5 hxg5 60. Ke2 Rf7 61. Ke3 Re7+ 62. Kf3 Rd7 63. g4+ Kh4 64. Rc3 Rf7+ 65. Kg2 Kxg4 66. Rc4+ Kh5 67. Rc5 Rf4 68. Rd5 Kg4 69. Rd3 Rc4 70. Rg3+ Kf4 71. Rf3+ Ke4 72. Rg3 Rc2+ 73. Kh3 Kf4 74. Rg4+ Kf5 75. Rg3 Rf2 76. Rd3 g4+ 77. Kg3 Rf3+ 78. Rxf3+ gxf3 79. Kxf3 {Neither player has mating material} 1/2-1/2

[Event "FICS rated blitz game"]
[Site "FICS freechess.org"]
[FICSGamesDBGameNo "20001155"]
[White "rvs"]
[Black "Mishka"]
[WhiteElo "1497"]
[BlackElo "1535"]
[WhiteRD "na"]
[BlackRD "na"]
[TimeControl "300+0"]
[Date "1999.07.03"]
[Time "17:12:00"]
[WhiteClock "0:05:00.000"]
[BlackClock "0:05:00.000"]
[ECO "C00"]
[PlyCount "133"]
[Result "1-0"]

1. e4 e6 2. b3 d5 3. exd5 exd5 4. Bb2 Nc6 5. Nf3 Nf6 6. Be2 Be7 7. O-O O-O 8. Re1 Bg4 9. Ne5 Nxe5 10. Bxe5 Bd6 11. Bxf6 Qxf6 12. Nc3 Bxe2 13. Qxe2 c6 14. Qg4 Rfe8 15. Re2 Re5 16. Rb1 Rae8 17. Rxe5 Rxe5 18. Qc8+ Bf8 19. Rf1 Qe7 20. Qg4 Re1 21. g3 Qe5 22. Kg2 f5 23. Rxe1 Qxe1 24. Qxf5 Qxd2 25. Qe6+ Kh8 26. Qf7 h5 27. Qxf8+ Kh7 28. Qf5+ g6 29. Qf7+ Kh6 30. Qf8+ Kh7 31. Qf7+ Kh6 32. Qf4+ Qxf4 33. gxf4 Kg7 34. Ne2 Kf6 35. Nd4 c5 36. Nb5 a6 37. Nc7 d4 38. Nd5+ Kf5 39. Kf3 h4 40. Ne7+ Ke6 41. Nxg6 Kf6 42. Nxh4 Kg7 43. f5 Kf6 44. Kf4 b5 45. Nf3 a5 46. h4 Kf7 47. h5 Kf6 48. h6 Kf7 49. Kg5 Kg8 50. Kg6 c4 51. Nxd4 cxb3 52. cxb3 a4 53. bxa4 bxa4 54. f6 a3 55. f7+ Kf8 56. Ne6+ Ke7 57. f8=Q+ Kxe6 58. Qxa3 Ke5 59. Qa6 Ke4 60. Qa5 Kd4 61. Qb5 Kc3 62. Qd5 Kb2 63. Qc5 Kb1 64. h7 Kb2 65. h8=Q+ Kb1 66. Qb8+ Kxa2 67. Qa5# {Black checkmated} 1-0

[Event "FICS rated lightning game"]
[Site "FICS freechess.org"]
[FICSGamesDBGameNo "20001154"]
[White "gaj"]
[Black "lucio"]
[WhiteElo "1726"]
[BlackElo "1669"]
[WhiteRD "na"]
[BlackRD "na"]
[TimeControl "60+0"]
[Date "1999.07.03"]
[Time "17:05:00"]
[WhiteClock "0:01:00.000"]
[BlackClock "0:01:00.000"]
[ECO "A40"]
[PlyCount "111"]
[Result "1/2-1/2"]

1. d4 b6 2. Nf3 Bb7 3. Nc3 Nf6 4. Bf4 h6 5. e3 e6 6. Bd3 d5 7. O-O a6 8. Re1 Be7 9. e4 dxe4 10. Bxe4 Bb4 11. Bxb7 Ra7 12. Be4 Nbd7 13. Bg3 O-O 14. Bd3 c5 15. dxc5 Nxc5 16. Ne5 Bxc3 17. bxc3 Nfd7 18. Nxd7 Qxd7 19. Qh5 Qe7 20. Red1 Nxd3 21. cxd3 Qf6 22. Qf3 Rc7 23. Qxf6 gxf6 24. c4 Rd8 25. Bh4 Kg7 26. Rab1 Rcd7 27. Rxb6 Rxd3 28. Rxd3 Rxd3 29. h3 Kg6 30. Rxa6 Rd4 31. Rc6 Rxh4 32. a4 Rd4 33. a5 Rd1+ 34. Kh2 Ra1 35. a6 Kf5 36. Rb6 e5 37. c5 Ke4 38. c6 Kd5 39. c7 Rc1 40. Rb7 Kd6 41. a7 Rxc7 42. Rxc7 Kxc7 43. a8=Q Kd6 44. Qf8+ Ke6 45. Qxh6 Ke7 46. Qe3 Ke6 47. f4 f5 48. fxe5 f6 49. g4 f4 50. Qxf4 fxe5 51. Qf5+ Kd5 52. Qxe5+ Kxe5 53. Kg3 Kf6 54. h4 Kg6 55. g5 Kh5 56. Kf4 {White ran out of time and Black has no material to mate} 1/2-1/2

[Event "FICS rated blitz game"]
[Site "FICS freechess.org"]
[FICSGamesDBGameNo "20001153"]
[White "Matou"]
[Black "vanomania"]
[WhiteElo "1383"]
[BlackElo "1095"]
[WhiteRD "na"]
[BlackRD "na"]
[TimeControl "120+12"]
[Date "1999.07.03"]
[Time "15:38:00"]
[WhiteClock "0:02:00.000"]
[BlackClock "0:02:00.000"]
[ECO "C26"]
[PlyCount "50"]
[Result "0-1"]

1. e4 e5 2. Bc4 Nf6 3. Nc3 Bc5 4. a3 Nc6 5. b4 Bd4 6. Nf3 d6 7. Nxd4 Nxd4 8. Nd5 Be6 9. Nxf6+ Qxf6 10. Bxe6 Qxe6 11. c3 Nb3 12. Rb1 Nxc1 13. Rxc1 O-O-O 14. Rf1 f5 15. Rh1 fxe4 16. Rf1 Rdf8 17. Rh1 Qf6 18. Qe2 Kb8 19. Rf1 d5 20. c4 dxc4 21. Qxe4 b5 22. Qd5 a6 23. Qc5 g5 24. d3 Qf4 25. dxc4 Qxc1+ {White resigns} 0-1

[Event "FICS rated lightning game"]
[Site "FICS freechess.org"]
[FICSGamesDBGameNo "20001152"]
[White "BULLA"]
[Black "theoric"]
[WhiteElo "1912"]
[BlackElo "1958"]
[WhiteRD "na"]
[BlackRD "na"]
[TimeControl "120+0"]
[Date "1999.07.03"]
[Time "15:17:00"]
[WhiteClock "0:02:00.000"]
[BlackClock "0:02:00.000"]
[ECO "B10"]
[PlyCount "51"]
[Result "1-0"]

1. e4 c6 2. Nc3 d5 3. Nf3 dxe4 4. Nxe4 Nf6 5. Nxf6+ exf6 6. Bc4 Bd6 7. d4 O-O 8. Be3 Re8 9. O-O Bg4 10. Be2 Nd7 11. Nd2 Bf5 12. Bf3 Nf8 13. Nc4 Bc7 14. c3 b5 15. Nd2 Qd6 16. g3 Ng6 17. Bg2 Nh4 18. Bh1 Bh3 19. Re1 Nf5 20. Bf4 Qd7 21. Rxe8+ Rxe8 22. Bxc7 Qxc7 23. Qh5 Re2 24. Qxe2 Nh4 25. gxh4 Qf4 26. Qe8# {Black checkmated} 1-0

[Event "FICS rated blitz game"]
[Site "FICS freechess.org"]
[FICSGamesDBGameNo "20001150"]
[White "Dual"]
[Black "fresh"]
[WhiteElo "1804"]
[BlackElo "1708"]
[WhiteRD "na"]
[BlackRD "na"]
[TimeControl "180+0"]
[Date "1999.07.03"]
[Time "14:39:00"]
[WhiteClock "0:03:00.000"]
[BlackClock "0:03:00.000"]
[ECO "D00"]
[PlyCount "117"]
[Result "1-0"]

1. d4 d5 2. Nc3 e6 3. Nf3 Nf6 4. Bg5 Be7 5. e3 Nbd7 6. Bd3 c5 7. Qd2 cxd4 8. exd4 O-O 9. O-O-O h6 10. Bf4 Qa5 11. Kb1 Bb4 12. Be5 Bxc3 13. Qxc3 Qxc3 14. bxc3 Nxe5 15. Nxe5 Nd7 16. f4 Nxe5 17. fxe5 b6 18. c4 Bb7 19. cxd5 Bxd5 20. Rhg1 Rfc8 21. g4 Rab8 22. g5 hxg5 23. Rxg5 Bc4 24. Rdg1 g6 25. Be4 Bd5 26. Bxd5 exd5 27. h4 Kh7 28. h5 Rg8 29. hxg6+ Rxg6 30. Rh1+ Kg7 31. Rgh5 Rg8 32. Rf5 Kf8 33. Kb2 Ke7 34. Rhf1 Rf8 35. Kb3 Ke6 36. c3 f6 37. Kb4 a6 38. a4 Ke7 39. a5 bxa5+ 40. Kxa5 Rf7 41. exf6+ Rgxf6 42. Rxf6 Rxf6 43. Rxf6 Kxf6 44. Kxa6 Ke6 45. Kb5 Kd6 46. Kb6 Kd7 47. Kc5 Ke6 48. Kc6 Ke7 49. Kxd5 Kd7 50. c4 Kc7 51. c5 Kd7 52. c6+ Kc7 53. Kc5 Kc8 54. d5 Kc7 55. d6+ Kc8 56. Kb6 Kd8 57. c7+ Kc8 58. d7+ Kxd7 59. Kb7 {Black resigns} 1-0

[Event "FICS rated blitz game"]
[Site "FICS freechess.org"]
[FICSGamesDBGameNo "20001149"]
[White "Eeyore"]
[Black "fresh"]
[WhiteElo "1711"]
[BlackElo "1698"]
[WhiteRD "na"]
[BlackRD "na"]
[TimeControl "180+0"]
[Date "1999.07.03"]
[Time "13:08:00"]
[WhiteClock "0:03:00.000"]
[BlackClock "0:03:00.000"]
[ECO "B33"]
[PlyCount "53"]
[Result "1-0"]

1. e4 c5 2. Nf3 Nc6 3. d4 cxd4 4. Nxd4 Nf6 5. Nc3 e5 6. Ndb5 d6 7. Nd5 Nxd5 8. exd5 Nb8 9. c4 a6 10. Nc3 Bf5 11. Be3 Be7 12. Bd3 Bxd3 13. Qxd3 O-O 14. O-O-O f5 15. f3 f4 16. Bf2 Qa5 17. Kb1 Nd7 18. Ne4 Rac8 19. h4 b5 20. Ng5 Bxg5 21. hxg5 g6 22. Rh6 bxc4 23. Qe4 Nc5 24. Rxg6+ Kh8 25. Qc2 hxg6 26. Qxg6 Rc7 27. Rh1+ {Black resigns} 1-0

[Event "FICS rated blitz game"]
[Site "FICS freechess.org"]
[FICSGamesDBGameNo "20001148"]
[White "stefanetti"]
[Black "Leonardi"]
[WhiteElo "1820"]
[BlackElo "1816"]
[WhiteRD "na"]
[BlackRD "na"]
[TimeControl "180+0"]
[Date "1999.07.03"]
[Time "10:57:00"]
[WhiteClock "0:03:00.000"]
[BlackClock "0:03:00.000"]
[ECO "D03"]
[PlyCount "88"]
[Result "1/2-1/2"]

1. d4 Nf6 2. Nf3 d5 3. Bg5 Ne4 4. Bh4 c5 5. e3 Qb6 6. Qc1 Nc6 7. c3 Bf5 8. Nbd2 e6 9. Nxe4 Bxe4 10. Qd2 Rc8 11. Be2 cxd4 12. exd4 Bd6 13. O-O O-O 14. Ng5 Bg6 15. Bd3 Qc7 16. Bxg6 hxg6 17. Nf3 Bf4 18. Qd3 Na5 19. Rfe1 Nc4 20. Qe2 b5 21. a3 a5 22. Bg3 b4 23. Bxf4 Qxf4 24. g3 Qb8 25. cxb4 axb4 26. b3 Nxa3 27. Ne5 Nc2 28. Nd7 Qb7 29. Nxf8 Kxf8 30. Ra4 Nxe1 31. Qxe1 Rc3 32. Qa1 Rc8 33. Ra7 Qb6 34. Rd7 Rd8 35. Ra7 Rc8 36. Qa4 Qc6 37. Qa5 Qc3 38. Qb5 Qxd4 39. Qd7 Rc1+ 40. Kg2 Qe4+ 41. Kh3 Qf5+ 42. Kg2 Qe4+ 43. Kh3 Qf5+ 44. Kg2 Qe4+ {Game drawn by repetition} 1/2-1/2

[Event "FICS rated blitz game"]
[Site "FICS freechess.org"]
[FICSGamesDBGameNo "20001147"]
[White "svee"]
[Black "zvonok"]
[WhiteElo "1382"]
[BlackElo "1345"]
[WhiteRD "na"]
[BlackRD "na"]
[TimeControl "240+12"]
[Date "1999.07.03"]
[Time "03:30:00"]
[WhiteClock "0:04:00.000"]
[BlackClock "0:04:00.000"]
[ECO "C26"]
[PlyCount "48"]
[Result "0-1"]

1. e4 e5 2. Nf3 Nf6 3. Nc3 Bc5 4. Bc4 Ng4 5. O-O Nc6 6. h3 Nxf2 7. Rxf2 Bxf2+ 8. Kxf2 d6 9. d4 exd4 10. Nxd4 Qf6+ 11. Nf3 Be6 12. Bxe6 fxe6 13. Bg5 Qf7 14. Kg1 h6 15. Bh4 g5 16. Bg3 O-O-O 17. Nb5 a6 18. Nc3 Rdg8 19. Qd3 g4 20. hxg4 Rxg4 21. Bf2 Rhg8 22. g3 h5 23. Nh2 R4g7 24. Kh1 Qxf2 {White resigns} 0-1